Map: Abyssal Reef LE

Players

TYTY (TY) - Winner!

  • Race: Terran Terran
  • Spawn Location: 5:00

Stats

  • Race: Protoss Protoss
  • Spawn Location: 11:00

Event: IEM XI Katowice - World Championship 2017

VOD

https://www.youtube.com/watch?v=EVCZ5k55UsM

Description

Time

  • Played on: March 5, 2017, 9:46 a.m.
  • Length: 22:10

All games in this series

Show
View Real Time Build Order
Export as new Build Order

TYTY Terran - Winner!

Build Orders: Reaper Expand, MMM Bio 

Get SALT Encoding   

  12  0:00  SCV  
  13  0:12  SCV  
  14  0:18  Supply Depot  
  14  0:24  SCV  
  15  0:29  Refinery  
  15  0:40  SCV  
  16  0:44  Barracks  
  16  0:52  SCV  
  17  1:04  SCV  
  18  1:16  SCV  
  19  1:31  Reaper  
  19  1:32  Orbital Command  
  20  1:45  Command Center  
  20  1:58  Factory  
  20  2:02  SCV  
  20  2:06  Barracks Reactor  
  21  2:14  SCV  
  22  2:16  Supply Depot  
  22  2:24  Engineering Bay  
  22  2:27  SCV  
  23  2:39  SCV  
  23  2:44  Marine, Starport  
  24  2:47  Marine, Refinery  
  26  2:51  SCV  
  26  2:56  Hellion  
  29  3:04  Orbital Command  
  28  3:08  Marine x2  
  28  3:09  SCV  
  31  3:19  Widow Mine  
  31  3:20  Medivac  
  31  3:21  SCV  
  31  3:26  Marine x2  
  38  3:29  SCV  
  39  3:35  SCV  
  40  3:41  SCV  
  40  3:45  Supply Depot, Bunker  
  41  3:49  Cyclone  
  45  3:56  Viking  
  45  3:59  Supply Depot  
  46  4:06  Marine x2  
  46  4:07  SCV x2  
  46  4:25  SCV x2  
  46  4:26  Marine x2  
  46  4:30  Viking  
  52  4:37  SCV  
  53  4:40  Widow Mine  
  55  4:47  Marine x2  
  55  4:48  SCV  
  56  4:56  SCV, Command Center  
  57  5:00  SCV  
  57  5:05  Marine  
  58  5:08  SCV  
  58  5:10  Widow Mine  
  58  5:13  SCV  
  61  5:14  Supply Depot  
  61  5:20  Starport Tech Lab  
  62  5:28  SCV  
  62  5:33  SCV  
  61  5:37  Barracks  
  61  5:39  Barracks  
  61  5:40  Marine x2, SCV  
  61  5:41  Engineering Bay  
  64  5:45  SCV  
  65  5:52  Engineering Bay, SCV  
  65  5:56  Factory Reactor  
  65  5:57  Starport Reactor  
  66  5:58  Marine, SCV  
  68  6:04  Supply Depot, SCV  
  68  6:07  Terran Infantry Weapons Level 1  
  68  6:08  Refinery  
  68  6:09  Marine  
  68  6:10  Refinery  
  68  6:11  Orbital Command  
  69  6:14  Missile Turret  
  69  6:15  SCV  
  69  6:17  SCV  
  71  6:23  Missile Turret  
  70  6:27  SCV  
  70  6:29  SCV  
  70  6:30  Marine x2  
  70  6:31  Marine, Stimpack  
  75  6:35  Terran Infantry Armor Level 1  
  75  6:37  SCV  
  75  6:39  SCV  
  77  6:42  Widow Mine x2  
  77  6:44  Barracks Tech Lab  
  81  6:48  Marine x2, SCV  
  81  6:50  Medivac x2  
  87  6:55  SCV  
  87  7:00  Marine, SCV  
  85  7:02  Orbital Command  
  85  7:03  Barracks x2  
  85  7:04  Marine  
  85  7:05  Marine, Missile Turret  
  85  7:06  Marine  
  88  7:11  Combat Shields  
  88  7:12  Liberator  
  87  7:18  SCV x2  
  87  7:19  Missile Turret  
  91  7:27  Supply Depot  
  91  7:28  Supply Depot, SCV  
  91  7:29  Supply Depot  
  93  7:32  Liberator  
  93  7:34  SCV  
  93  7:36  SCV  
  93  7:40  Supply Depot, Missile Turret  
  93  7:45  Supply Depot  
  93  7:47  Supply Depot  
  93  7:48  Marine, Widow Mine  
  93  7:49  Marine, Marauder x2  
  93  7:50  SCV  
  106  7:55  Barracks Tech Lab  
  106  7:56  SCV, Barracks Reactor  
  106  7:58  Liberator  
  106  7:59  Armory  
  106  8:00  SCV  
  107  8:06  Marine, Widow Mine, SCV  
  107  8:07  Marine  
  107  8:08  SCV  
  107  8:12  Marauder, SCV  
  118  8:13  Marauder  
  118  8:18  Marauder  
  118  8:19  SCV  
  124  8:20  SCV  
  124  8:22  Supply Depot  
  124  8:24  Liberator  
  124  8:25  Refinery  
  124  8:26  Marine x2  
  127  8:29  SCV  
  127  8:30  Refinery  
  127  8:33  Marine  
  129  8:37  Marine x2  
  129  8:40  SCV x2  
  131  8:46  Marine x2  
  131  8:47  Liberator  
  131  8:48  Terran Infantry Weapons Level 2  
  140  8:52  Marine x3  
  140  8:55  Terran Infantry Armor Level 2  
  141  8:56  SCV x2  
  143  9:03  Marine  
  143  9:08  Missile Turret  
  149  9:13  Supply Depot, Ghost Academy  
  149  9:15  Supply Depot x2  
  145  9:17  Liberator  
  145  9:21  Marine, Command Center  
  145  9:22  Marine  
  147  9:25  Starport  
  147  9:27  Marine x2  
  149  9:33  SCV  
  149  9:34  Marauder x2, SCV  
  159  9:39  Marine  
  159  9:41  Marine  
  159  9:44  Supply Depot, SCV  
  159  9:45  Marine, Supply Depot  
  158  9:46  Supply Depot  
  158  9:56  Liberator x2  
  158  9:57  Ghost  
  158  9:58  Ghost x2  
  162  10:03  Marine x2  
  159  10:16  SCV x3  
  159  10:19  Liberator  
  158  10:28  Marine x4, Marauder x2, SCV  
  161  10:38  Supply Depot x2  
  161  10:44  Marauder  
  161  10:46  Marine x2  
  167  10:50  Marauder  
  167  10:56  SCV x3  
  170  11:08  SCV  
  170  11:11  Marine x4, Marauder x2  
  170  11:12  Liberator x2  
  178  11:20  Planetary Fortress  
  178  11:27  Marauder  
  178  11:29  Marine x4  
  190  11:33  Marauder  
  172  11:51  Marine x4, Marauder  
  168  11:55  SCV x3  
  168  11:58  Marauder  
  171  12:07  SCV x2  
  146  12:09  Marine x4  
  146  12:12  Marauder  
  150  12:19  Ghost  
  150  12:22  SCV x2  
  149  12:25  Barracks x2  
  149  12:29  Ghost  
  142  12:30  Medivac x4  
  142  12:32  Ghost  
  142  12:34  SCV x2  
  153  12:41  Missile Turret  
  153  12:43  Missile Turret  
  153  12:46  Sensor Tower  
  153  12:59  Marine x2, Marauder x2  
  153  13:00  Medivac  
  153  13:01  Medivac x2  
  153  13:02  Supply Depot  
  165  13:08  Marine x3  
  168  13:17  Marine x2  
  169  13:21  Marauder x2  
  169  13:25  Marine  
  174  13:27  Liberator x2, Marine  
  174  13:29  Barracks Reactor  
  174  13:34  Marine x2  
  116  13:41  Orbital Command  
  164  13:42  Marauder  
  164  13:43  Ghost x2  
  164  13:45  Marine  
  176  13:55  Medivac  
  176  13:56  Marine x3  
  177  14:03  Marine, Ghost  
  177  14:05  Barracks Tech Lab  
  177  14:06  Marine x2  
  177  14:07  Liberator  
  179  14:12  Marine  
  179  14:13  Marauder  
  179  14:14  Marine x3  
  185  14:21  Marine  
  186  14:24  Marine x2  
  186  14:26  SCV  
  186  14:27  SCV  
  186  14:28  Missile Turret, Refinery x2  
  186  14:31  Marauder  
  195  14:32  Marine, Marauder  
  196  14:40  Marine x4  
  199  14:48  Sensor Tower  
  199  14:59  Refinery, Fusion Core  
  198  15:01  Refinery  
  198  15:03  Sensor Tower  
  198  15:07  Orbital Command  
  198  15:18  Liberator  
  198  15:20  Refinery  
  196  15:21  Missile Turret  
  196  15:22  Sensor Tower, Refinery  
  193  15:33  Liberator  
  193  15:36  Marine x5  
  187  15:52  Liberator, SCV x2  
  187  15:54  Marine x5  
  187  15:55  Marine x2  
  199  16:02  Liberator  
  188  16:06  Marine x2  
  188  16:07  SCV x3  
  188  16:09  Advanced Ballistics  
  190  16:11  Marine x2  
  190  16:13  Terran Infantry Weapons Level 3  
  192  16:23  Personal Cloaking  
  195  16:25  Liberator  
  195  16:29  Marine x4  
  199  16:35  Liberator  
  189  16:43  Marine x4  
  189  16:44  Marauder x2  
  200  16:55  Liberator  
  200  16:56  SCV x2  
  200  16:58  SCV  
  175  17:08  Liberator, Marine x6, SCV  
  178  17:18  SCV  
  179  17:24  Marine x3, Terran Ship Weapons Level 1, Marauder x2  
  179  17:26  Marine  
  179  17:29  Liberator x2  
  187  17:38  Starport  
  187  17:39  Terran Infantry Armor Level 3  
  187  17:49  Marine x2  
  187  17:50  Marauder x2  
  199  17:54  Marine  
  199  17:58  Command Center  
  191  18:06  Liberator x2  
  191  18:13  Marine x2  
  191  18:14  Marauder x2  
  191  18:18  Sensor Tower  
  184  18:33  SCV, Medivac x2  
  174  18:35  Marine x2  
  174  18:36  Marine x2  
  174  18:38  Marine x2  
  185  18:45  Ghost x2  
  185  18:46  Ghost  
  185  18:48  Marine  
  186  18:50  SCV  
  186  18:51  SCV  
  186  18:53  Marine x3, SCV  
  192  18:59  Sensor Tower  
  192  19:03  SCV x2  
  192  19:04  Starport Reactor  
  192  19:05  SCV  
  195  19:10  Viking x2  
  179  19:40  Marine x4, Marauder x2  
  179  19:43  Medivac x2  
  191  19:50  Concussive Shells, Marauder  
  200  20:00  Barracks  
  200  20:05  Planetary Fortress  
  193  20:10  Engineering Bay  
  193  20:12  Engineering Bay  
  193  20:13  Supply Depot, Engineering Bay  
  195  20:23  Viking x2  
  195  20:28  Viking x2  
  182  20:35  Ghost x4  
  183  20:58  Viking x3  
  183  20:59  Marine x5, Viking x2  
  183  21:03  Missile Turret x3  
  183  21:04  Missile Turret, Viking  
  180  21:28  Viking x3  
  180  21:29  Ghost x2  
  180  21:30  Marine x4  
  191  21:38  Viking x2  
  192  21:45  Command Center  
Show
View Real Time Build Order
Export as new Build Order

Stats Protoss 

Build Orders: 1 Gate Expand, Oracle Opening, Phoenix Opening 

Get SALT Encoding   

  12  0:00  Probe (Chrono Boost)  
  13  0:11  Probe (Chrono Boost)  
  14  0:17  Pylon  
  14  0:21  Probe (Chrono Boost)  
  16  0:35  Probe (Chrono Boost)  
  16  0:36  Gateway  
  16  0:41  Assimilator  
  16  0:46  Probe (Chrono Boost)  
  17  0:56  Probe (Chrono Boost)  
  18  1:07  Probe (Chrono Boost)  
  19  1:18  Nexus  
  19  1:28  Cybernetics Core  
  19  1:32  Probe (Chrono Boost)  
  20  1:37  Assimilator  
  20  1:42  Probe (Chrono Boost)  
  21  1:49  Pylon  
  21  1:53  Probe (Chrono Boost)  
  22  2:03  Adept  
  22  2:05  Warp Gate, Probe (Chrono Boost)  
  26  2:17  Probe (Chrono Boost)  
  26  2:22  Stargate  
  26  2:27  Adept  
  26  2:29  Probe (Chrono Boost)  
  27  2:34  Probe (Chrono Boost)  
  30  2:46  Mothership Core (Chrono Boost)  
  30  2:47  Probe (Chrono Boost)  
  30  2:50  Pylon  
  33  2:57  Probe (Chrono Boost)  
  34  3:05  Probe (Chrono Boost)  
  35  3:06  Oracle  
  35  3:09  Probe (Chrono Boost)  
  39  3:16  Probe (Chrono Boost)  
  40  3:22  Probe (Chrono Boost)  
  40  3:26  Probe (Chrono Boost)  
  42  3:34  Probe (Chrono Boost)  
  43  3:35  Nexus  
  43  3:37  Probe (Chrono Boost)  
  43  3:41  Phoenix  
  44  3:46  Probe (Chrono Boost)  
  44  3:48  Probe (Chrono Boost)  
  48  3:53  Pylon  
  48  3:58  Probe x2 (Chrono Boost)  
  50  4:03  Phoenix  
  50  4:09  Probe (Chrono Boost)  
  54  4:10  Probe (Chrono Boost)  
  54  4:22  Probe (Chrono Boost)  
  55  4:24  Phoenix  
  55  4:26  Probe (Chrono Boost)  
  55  4:27  Assimilator, Pylon  
  55  4:29  Gateway  
  55  4:31  Adept  
  60  4:34  Probe (Chrono Boost)  
  58  4:46  Phoenix  
  58  4:49  Probe (Chrono Boost)  
  58  4:50  Probe (Chrono Boost)  
  58  4:51  Probe (Chrono Boost)  
  60  4:55  Adept  
  60  5:08  Phoenix  
  60  5:12  Nexus, Gateway  
  62  5:16  Pylon  
  62  5:29  Pylon  
  62  5:30  Pylon, Phoenix  
  64  5:38  Probe (Chrono Boost)  
  64  5:40  Probe (Chrono Boost)  
  64  5:42  Twilight Council, Assimilator  
  66  5:43  Forge  
  66  5:49  Adept x2  
  70  5:51  Probe (Chrono Boost)  
  70  5:52  Phoenix, Probe (Chrono Boost)  
  74  6:02  Probe (Chrono Boost)  
  76  6:05  Probe (Chrono Boost)  
  76  6:07  Protoss Ground Weapons Level 1  
  76  6:09  Resonating Glaives  
  76  6:12  Probe (Chrono Boost)  
  76  6:17  Probe (Chrono Boost)  
  78  6:24  Probe (Chrono Boost)  
  80  6:25  Phoenix  
  80  6:26  Probe (Chrono Boost)  
  80  6:29  Probe (Chrono Boost)  
  83  6:37  Probe (Chrono Boost)  
  83  6:38  Gateway, Probe (Chrono Boost)  
  86  6:40  Gateway  
  86  6:41  Probe (Chrono Boost)  
  86  6:42  Gateway  
  86  6:44  Gateway  
  86  6:48  Gateway  
  86  6:49  Robotics Facility  
  86  7:00  Phoenix  
  85  7:02  Probe x3 (Chrono Boost)  
  87  7:14  Pylon, Adept x2, Probe x3 (Chrono Boost)  
  87  7:15  Adept  
  96  7:26  Probe x3 (Chrono Boost)  
  99  7:30  Pylon  
  99  7:32  Warp Prism  
  99  7:36  Pylon  
  101  7:38  Pylon x2  
  101  7:45  Adept x4  
  101  7:50  Assimilator  
  109  7:52  Assimilator  
  109  7:54  Protoss Ground Armor Level 1  
  109  7:55  Adept x4  
  117  8:02  Photon Cannon  
  117  8:03  Pylon  
  117  8:06  Pylon  
  117  8:08  Pylon  
  117  8:09  Pylon  
  117  8:11  Observer  
  117  8:15  Sentry  
  117  8:16  Adept x4, Sentry x2  
  117  8:19  Adept  
  134  8:30  Nexus, Observer  
  135  8:44  Adept x5  
  135  8:45  Adept  
  147  8:52  Pylon, Adept  
  147  8:53  Blink, Adept  
  151  8:57  Immortal  
  151  8:58  Pylon  
  155  9:18  Templar Archives  
  155  9:31  Immortal  
  157  9:50  Stalker x8  
  173  9:54  Probe (Chrono Boost)  
  173  9:56  Probe x3 (Chrono Boost)  
  173  10:13  Adept x5  
  173  10:14  Adept x2  
  187  10:16  Protoss Ground Armor Level 2  
  187  10:22  Psionic Storm  
  187  10:24  Warp Prism  
  173  10:32  High Templar  
  171  10:35  High Templar  
  171  10:36  High Templar x2  
  177  10:43  Probe x3 (Chrono Boost)  
  177  10:44  Assimilator x2, Probe (Chrono Boost)  
  177  10:49  Photon Cannon  
  177  10:55  Stalker x3  
  183  11:00  Immortal  
  187  11:11  High Templar  
  187  11:12  High Templar  
  191  11:26  Pylon  
  191  11:28  High Templar x2, Photon Cannon  
  175  11:48  Immortal  
  175  11:51  Adept x6  
  173  12:04  Archon  
  153  12:12  Archon  
  153  12:13  Adept x4  
  153  12:14  Adept x2, Sentry x2  
  165  12:22  Warp Prism  
  153  12:24  Nexus  
  153  12:26  Pylon  
  159  12:38  Probe x4 (Chrono Boost)  
  159  12:41  High Templar x2  
  159  12:42  High Templar x4, Adept x2  
  173  13:04  Stalker x2  
  177  13:08  Photon Cannon  
  177  13:09  Photon Cannon  
  177  13:11  Photon Cannon  
  172  13:37  Immortal  
  172  13:40  Adept x2  
  172  13:41  Adept x6  
  174  13:42  Protoss Ground Armor Level 3  
  177  14:02  Assimilator  
  177  14:05  Assimilator  
  177  14:07  Photon Cannon, Forge  
  177  14:09  Photon Cannon  
  177  14:10  Robotics Facility  
  177  14:12  Robotics Bay, Probe x4 (Chrono Boost)  
  177  14:15  Probe (Chrono Boost)  
  182  14:24  High Templar x4  
  188  14:27  Protoss Ground Weapons Level 2  
  186  14:41  Observer  
  184  14:56  Pylon, Adept x3  
  184  14:57  Adept x4  
  198  15:00  Photon Cannon  
  198  15:01  Photon Cannon  
  198  15:13  Fleet Beacon  
  198  15:16  Stargate  
  198  15:17  Gateway  
  198  15:19  Gateway  
  182  15:36  Archon  
  172  15:50  Adept x8  
  172  15:53  Extended Thermal Lance  
  172  15:56  Colossus x2  
  187  16:08  Protoss Shields Level 1  
  187  16:10  Nexus  
  187  16:12  Pylon  
  187  16:15  Protoss Air Weapons Level 1  
  187  16:29  Stalker  
  187  16:30  Stalker x5  
  178  16:47  Observer x2  
  178  16:52  Adept x5  
  178  16:53  Adept  
  159  17:17  Adept x6  
  159  17:19  Colossus x2  
  183  17:36  Nexus  
  181  17:38  Pylon  
  181  17:40  High Templar x3  
  181  17:41  High Templar  
  181  17:42  High Templar x2  
  181  17:43  Adept  
  181  17:44  Adept x2  
  199  17:48  Dark Shrine  
  192  18:22  Archon  
  192  18:25  Stalker  
  192  18:26  Stalker x4  
  197  18:29  Pylon  
  197  18:30  Nexus  
  197  18:34  Adept x4  
  168  18:42  Nexus, Tempest  
  172  18:49  Tempest  
  172  18:53  Observer x2  
  180  19:00  High Templar x4  
  184  19:20  Archon  
  180  19:26  Archon  
  180  19:28  Archon x2  
  178  19:34  Adept x8  
  178  19:35  Adept  
  178  19:36  Adept  
  188  19:43  Colossus  
  188  19:44  Warp Prism  
  186  20:08  Adept x2  
  186  20:09  Adept  
  191  20:24  Sentry x3  
  191  20:25  High Templar x2  
  195  20:42  Assimilator  
  189  20:43  Assimilator  
  189  20:45  High Templar x3  
  195  20:52  Nexus  
  195  20:53  Pylon  
  191  20:59  Oracle  
  191  21:00  Adept  
  192  21:11  Adept  
  192  21:12  Adept  
  183  21:30  Adept x3  
  189  21:41  Adept x3  
  189  21:42  Adept x2  
  112  22:05  Archon x2  

Tags
 
Add a new tag
Caveats
  • Supply blocks, unpowered buildings, or Contaminate may cause inaccurate times.
  • Supply counts are checked every 10 seconds.